 Dungeon Sprint DCSS version 0.26-a0-663-g36e8fdb655 (webtiles) character file.

Game seed: 15160860296031391948

33 Conn the Thaumaturge (level 6, -13/36 HPs)
             Began as an Octopode Hedge Wizard on Oct 10, 2020.
             Was a Believer of Vehumet.
             Mangled by a guardian mummy (30 damage)
             ... in the Dungeon (Sprint VI: "Thunderdome").
             The game lasted 00:06:07 (489 turns).

Conn the Thaumaturge (Octopode Hedge Wizard)         Turns: 489, Time: 00:06:07

Health: -13/36     AC:  1    Str: 12    XL:     6   Next: 51%
Magic:  14/27      EV: 13    Int: 20    God:    Vehumet [**....]
Gold:   70         SH:  0    Dex:  4    Spells: 12/23 levels left

rFire    + . .     SeeInvis +   q - +0 short sword
rCold    + . .     Faith    .   (no shield)
rNeg     + + .     Spirit   .   b - +0 hat
rPois    +         Reflect  .   (no amulet)
rElec    +         Harm     .   m - ring "Oruffe" {*Slow rF+ MP+9 Dex-4 Slay+5}
rCorr    .         Rampage  .   n - ring of Goyll {rF+ Str+2 Int-4} (curse)
MR       .....     NoTele   +   o - ring "Eseul" {rElec rPois rC+ Dex-3 SInv}
Stlth    +++.......             p - ring "Boiralukh" {+Fly rF- rN++ Int+6}
HPRegen  0.12/turn              (no ring)
MPRegen  0.20/turn              (no ring)
                                (no ring)
                                (no ring)

@: no status effects
A: almost no armour, stealthy swim, amphibious, 8 rings, constrict 8, camouflage
1, gelatinous body 1
a: Renounce Religion, Evoke Flight


You were in the Dungeon.
You worshipped Vehumet.
Vehumet was pleased with you.
You visited 1 branch You collected 250 gold pieces.
You spent 180 gold pieces at shops.

Inventory:

Hand Weapons
 a - a +0 dagger
 q - a +0 short sword (weapon)
Armour
 b - a +0 hat (worn)
Jewellery
 m - the ring "Oruffe" (left tentacle) {*Slow rF+ MP+9 Dex-4 Slay+5}
   (You bought it in a shop in the Dungeon)

   [ring of magical power]

   It affects your dexterity (-4).
   It affects your accuracy and damage with ranged weapons and melee attacks
   (+5).
   It protects you from fire.
   It affects your magic capacity (+9).
   It may slow you when you take damage.
 n - the cursed ring of Goyll (right tentacle) {rF+ Str+2 Int-4}
   (You bought it in a shop in the Dungeon)

   [ring of intelligence]

   It affects your strength (+2).
   It affects your intelligence (-4).
   It protects you from fire.
   It has a curse placed upon it.
 o - the ring "Eseul" (on tentacle) {rElec rPois rC+ Dex-3 SInv}
   (You bought it in a shop in the Dungeon)

   [ring of see invisible]

   It affects your dexterity (-3).
   It protects you from cold.
   It insulates you from electricity.
   It protects you from poison.
   It lets you see invisible.
 p - the ring "Boiralukh" (on tentacle) {+Fly rF- rN++ Int+6}
   (You bought it in a shop in the Dungeon)

   [ring of flight]

   It affects your intelligence (+6).
   It makes you vulnerable to fire.
   It greatly protects you from negative energy.
   It lets you fly.
Wands
 c - a wand of acid (2)
 j - a wand of iceblast (3)
Scrolls
 i - 4 scrolls of blinking
 k - 3 scrolls of fog
Potions
 d - a potion of curing
 e - 4 potions of heal wounds
 f - 4 potions of haste
 g - 2 potions of magic
 h - a potion of berserk rage
 l - a potion of resistance


   Skills:
 + Level 1.1 Short Blades
 + Level 4.3 Dodging
 - Level 4.8 Stealth
 + Level 9.2 Spellcasting
 * Level 4.3 Conjurations
 + Level 1.1 Summonings
 * Level 3.0 Translocations
 * Level 2.6 Fire Magic
 * Level 2.8 Air Magic
 * Level 3.7 Poison Magic
 + Level 0.6 Evocations


You had 12 spell levels left.
You knew the following spells:

 Your Spells              Type           Power        Failure   Level
a - Magic Dart            Conj           ####         1%          1
b - Blink                 Tloc           N/A          3%          2
c - Call Imp              Summ           ##......     7%          2
d - Conjure Flame         Conj/Fire      ###.....     5%          3
e - Mephitic Cloud        Conj/Pois/Air  ###.....     4%          3

Your spell library contained the following spells:

 Spells                   Type           Power        Failure   Level
 Freeze                   Ice            #...         8%          1
 Slow                     Hex            #.......     12%         2


Dungeon Overview and Level Annotations

Branches:
Dungeon (1/1)

Altars:
Cheibriados
Dithmenos
Fedhas
Gozag
Kikubaaqudgha
Makhleb
Okawaru
Qazlal
Ru
Sif Muna
Trog
Uskayaw
Vehumet
Wu Jian
Xom
Yredelemnul
Zin
The Shining One
Beogh
Jiyva
Lugonu

Shops:
D *[??*?*:[((!!!!


Innate Abilities, Weirdness & Mutations

You cannot wear most types of armour.
You are very stealthy in the water. (Stealth+)
You are amphibious.
You can wear up to eight rings at the same time.
You can use your tentacles to constrict eight enemies at once.
Your skin changes colour to match your surroundings (Stealth+).
Your rubbery body absorbs attacks. (AC +1, EV +1)


Message History

Press: ? - help, Shift-Dir - straight line, f/p - guardian mummy
Aim: a guardian mummy (almost destroyed)
The magic dart hits the guardian mummy.
The guardian mummy is almost destroyed.
Casting: Magic Dart (safe; 1% risk of failure)
Confirm with . or Enter, or press ? or * to list all spells.
Aiming: Magic Dart (safe; 1% risk of failure)
Press: ? - help, Shift-Dir - straight line, f/p - guardian mummy
Aim: a guardian mummy (almost destroyed)
The magic dart hits the guardian mummy but does no damage.
The guardian mummy is almost destroyed.
You completely miss the guardian mummy.
The guardian mummy is almost destroyed.
The guardian mummy misses you.
Your magical contamination has completely faded away.
You hit the guardian mummy.
The guardian mummy is almost destroyed.
The guardian mummy hits you!!
Ouch! That really hurt!
You die...

#⌠...........⌠#
######.8.........8.######
##.___......###.......__∩##
##∩........8.# #.8.§......∩###
.............###...[.........##
..........###...###..........⌠#
....).....# #.<.# #..........⌠#
..........###..M###....).....⌠#
.............###@............##
##∩........8.# #.8........∩###
##∩___......###......___∩##
######.8.........8.######
#⌠.........(.⌠# ###.........###
#_......._# #_........#
#_........#


You could see a guardian mummy.

Vanquished Creatures
  Menkaure (D)
  An ogre (D)
  A big kobold (D)
  A worker ant (D)
  Ijyb (D)
  A mummy (D)
  A giant cockroach (D)
  3 hobgoblins (D)
  A quokka (D)
  A kobold (D)
12 creatures vanquished.

Notes
Turn   | Place    | Note
-------+----------+-------------------------------------------
     0 | D        | Conn the Octopode Hedge Wizard began the quest for the Orb.
     0 | D        | Reached XP level 1. HP: 11/11 MP: 4/4
     1 | D        | Found an iron altar of Okawaru.
     1 | D        | Found a corrupted altar of Lugonu.
     2 | D        | Found a roughly hewn altar of Beogh.
     2 | D        | Found a snail-covered altar of Cheibriados.
     3 | D        | Found an opulent altar of Gozag.
     3 | D        | Found a basalt altar of Yredelemnul.
     4 | D        | Found Cutwozoczy's Identification Station.
     4 | D        | Found a sacrificial altar of Ru.
     4 | D        | Found a shadowy altar of Dithmenos.
     5 | D        | Found Heolud's Advanced Armour.
     5 | D        | Found Ammauwn's Jewellery.
     5 | D        | Round 1.
    15 | D        | Bought a heavily runed lead ring for 45 gold pieces
    15 | D        | Bought a bound bronze ring for 45 gold pieces
    15 | D        | Bought a shimmering gossamer ring for 45 gold pieces
    15 | D        | Bought a slimy gossamer ring for 45 gold pieces
    15 | D        | Identified the ring "Oruffe" {*Slow rF+ MP+9 Dex-4 Slay+5}
                  | (You bought it in a shop in the Dungeon)
    16 | D        | Identified the cursed ring of Goyll {rF+ Str+2 Int-4} (You
                  | bought it in a shop in the Dungeon)
    17 | D        | Identified the ring "Eseul" {rElec rPois rC+ Dex-3 SInv}
                  | (You bought it in a shop in the Dungeon)
    18 | D        | Identified the ring "Boiralukh" {+Fly rF- rN++ Int+6} (You
                  | bought it in a shop in the Dungeon)
    19 | D        | Noticed an ogre
    24 | D        | Killed an ogre
    24 | D        | Reached skill level 7 in Spellcasting
    24 | D        | Reached XP level 2. HP: 17/17 MP: 0/10
    24 | D        | Reached XP level 3. HP: 21/21 MP: 0/11
    24 | D        | Reached XP level 4. HP: 27/27 MP: 0/13
    25 | D        | Found a viscous altar of Jiyva.
    30 | D        | Learned a level 2 spell: Blink
    33 | D        | Learned a level 2 spell: Call Imp
    37 | D        | Learned a level 3 spell: Conjure Flame
    41 | D        | Learned a level 3 spell: Mephitic Cloud
    48 | D        | Found a bloodstained altar of Trog.
    48 | D        | Found Kocias's Premium Goods.
    48 | D        | Found Qavvad's Miscellaneous Merchandise.
    49 | D        | Found Dejebo's Basic Armour.
    50 | D        | Found a blossoming altar of Fedhas.
    50 | D        | Found Bachasam's Weapon Rack.
    54 | D        | Found an ornate altar of the Wu Jian Council.
    55 | D        | Found a stormy altar of Qazlal.
    56 | D        | Found a glowing golden altar of the Shining One.
    58 | D        | Found Pich's Do-It-Yourself Clinic.
    59 | D        | Found Etiutaij's Bottled Wisdom.
    59 | D        | Found Syulekus's Distillery.
    59 | D        | Found a hide-covered altar of Uskayaw.
    59 | D        | Found a glowing silver altar of Zin.
    59 | D        | Found Qaqij's Distillery.
    63 | D        | Found a burning altar of Makhleb.
    68 | D        | Found an ancient bone altar of Kikubaaqudgha.
    69 | D        | Found a shimmering blue altar of Sif Muna.
    70 | D        | Found Iwkemon's Staff Store.
    71 | D        | Found Saixtuil's Must-Have Magic.
    71 | D        | Found Ryolelasego's Magic Scroll Shop.
    72 | D        | Found a radiant altar of Vehumet.
    72 | D        | Found a shimmering altar of Xom.
    72 | D        | Found Xyseut's Magic Scroll Shop.
   189 | D        | Arena points: 5 (+5) [x1]
   204 | D        | Round 2.
   249 | D        | Became a worshipper of Vehumet
   295 | D        | Noticed Ijyb
   300 | D        | Killed Ijyb
   300 | D        | Reached skill level 8 in Spellcasting
   300 | D        | Reached XP level 5. HP: 31/31 MP: 15/15
   302 | D        | Reached * piety under Vehumet
   302 | D        | Offered knowledge of Freeze by Vehumet.
   332 | D        | Noticed a big kobold
   343 | D        | Killed a big kobold
   343 | D        | Reached skill level 1 in Fire Magic
   343 | D        | Reached skill level 1 in Air Magic
   375 | D        | Reached ** piety under Vehumet
   375 | D        | Arena points: 33 (+28) [x2]
   392 | D        | Round 3.
   414 | D        | Noticed Menkaure
   422 | D        | Noticed a guardian mummy
   423 | D        | Killed Menkaure
   423 | D        | Reached skill level 1 in Short Blades
   423 | D        | Reached skill level 9 in Spellcasting
   423 | D        | Reached XP level 6. HP: 36/36 MP: 18/18
   489 | D        | Mangled by a guardian mummy

Illustrated notes

Levels and vault maps discovered:
D:        arena_sprint

Skill      XL: |  1  2  3  4  5  6 |
---------------+-------------------+-----
Dodging        | 3 4 |  4.3
Stealth        | 4 |  4.8
Spellcasting   | 7 8 9 |  9.2
Conjurations   | 2 4 |  4.3
Translocations | 2 3 |  3.0
Fire Magic     | 2 |  2.6
Air Magic      | 2 |  2.8
Poison Magic   | 3 |  3.7
Short Blades   | 1 |  1.1
Summonings     | |  1.1
Evocations     | |  0.6

Action                   |  1- 3 |  4- 6 || total
-------------------------+-------+-------++-------
Melee: Dagger            |       |    10 ||    10
       Constrict         |       |     6 ||     6
       Tentacles         |       |     4 ||     4
       Short sword       |       |     6 ||     6
 Cast: Magic Dart        |     4 |    34 ||    38
       Mephitic Cloud    |       |     1 ||     1
       Call Imp          |       |     3 ||     3
       Conjure Flame     |       |     1 ||     1
Evoke: Wand              |       |     5 ||     5
Dodge: Dodged            |       |     3 ||     3

Table legend: (Time is in decaauts)
 A = Elapsed time spent in this place.
 B = Non-inter-level travel time spent in this place.
 C = Inter-level travel time spent in this place.
 D = Time resting spent in this place.
 E = Time spent auto-exploring this place.
 F = Levels seen in this place.
 G = Mean time per level.
                   A        B        C        D        E       F      G
               +--------+--------+--------+--------+--------+-----+--------+
         Total |    486 |    486 |      0 |      2 |    153 |   1 |  486.0 |
       Dungeon |    486 |    486 |      0 |      2 |    153 |   1 |  486.0 |
               +--------+--------+--------+--------+--------+-----+--------+

Top non-repeatable levels by time:
       D: 486 daAuts
